 Dungeon Crawl Stone Soup version 0.29.1-4-g47bece8355 (webtiles) character file.

Game seed: 17386149795505621184

649 ChadusMaximus the Caller (level 7, -19/41 HPs)
             Began as a Human Summoner on Dec 5, 2022.
             Was a Follower of Hepliaklqana.
             Demolished by an orc warrior
             ... wielding a +0 great sword
              (23 damage)
             ... on level 5 of the Dungeon.
             The game lasted 00:11:01 (4136 turns).

ChadusMaximus the Caller (Human Summoner)           Turns: 4136, Time: 00:11:02

Health: -19/41     AC:  8    Str:  9    XL:     7   Next: 83%
Magic:  7/13       EV: 12    Int: 17    God:    Hepliaklqana [*.....]
Gold:   237        SH:  0    Dex: 13    Spells: 5/15 levels left

rFire   + + .      SeeInvis .   o - +0 war axe
rCold   . . .      Faith    .   (no shield)
rNeg    . . .      Spirit   .   a - +0 robe
rPois   .          Reflect  .   f - +2 helmet
rElec   .          Harm     .   (no cloak)
rCorr   .          Rampage  .   (no gloves)
Will    .....                   p - +2 pair of boots "Pumeolao" {rF++ Stlth+}
Stlth   +++.......              (no amulet)
HPRegen 0.13/turn               (no ring)
MPRegen 0.13/turn               (no ring)

@: very slightly contaminated
A: reduced essence
a: Renounce Religion, Recall Ancestor, Ancestor Identity


You were on level 5 of the Dungeon.
You worshipped Hepliaklqana.
Hepliaklqana was aware of your devotion.
You visited 1 branch of the dungeon, and saw 5 of its levels.

You collected 237 gold pieces.

Inventory:

Hand Weapons
 o - a +0 war axe (weapon)
Missiles
 i - a throwing net
 q - a boomerang of dispersal
Armour
 a - a +0 robe (worn)
 f - a +2 helmet (worn)
 p - the +2 pair of boots "Pumeolao" (worn) {rF++ Stlth+}
   (You found it on level 3 of the Dungeon)

   rF:        It greatly protects you from fire.
   Stlth:     It makes you more stealthy.
Magical Staves
 g - a staff of poison
Jewellery
 k - a ring of protection from fire
Scrolls
 c - a scroll of immolation
 d - 4 scrolls of identify
 j - a scroll of fog {unknown}
 n - a scroll of summoning {unknown}
 t - a scroll of noise {unknown}
Potions
 b - a potion of magic
 e - a potion of berserk rage {unknown}
 l - 2 potions of attraction {unknown}
 m - 2 potions of mutation {unknown}
 r - a potion of heal wounds {unknown}
 s - a potion of flight {unknown}


   Skills:
 - Level 2.1 Dodging
 - Level 2.1 Stealth
 + Level 4.5 Spellcasting
 * Level 7.6 Summonings


You had 5 spell levels left.
You knew the following spells:

 Your Spells              Type           Power      Damage    Failure   Level
a - Summon Small Mammal   Summ           100%       N/A       1%          1
b - Call Canine Familiar  Summ           29%        N/A       1%          3
c - Call Imp              Summ           29%        N/A       1%          2
d - Summon Lightning Spi  Summ/Air       16%        N/A       30%         4

Your spell library contained the following spells:

 Spells                   Type           Power      Damage    Failure   Level
 Summon Guardian Golem    Hex/Summ       16%        N/A       10%         3
 Gell's Gravitas          Tloc           3%         N/A       41%         3
 Teleport Other           Tloc           3%         N/A       41%         3
 Dispersal                Tloc           1%         N/A       100%        6


Dungeon Overview and Level Annotations

Branches:
Dungeon (5/15)
 Temple: D:4-7

Altars:
Hepliaklqana
Makhleb
Vehumet

Shops:
D:5 (

Annotations:
D:5 Eustachio


Message History

You miscast Summon Lightning Spire.
You are very lightly contaminated with residual magic.
Sparks of electricity dance around you!
Casting: Summon Lightning Spire (quite dangerous; 30% risk of failure)
Confirm with . or Enter, or press ? or * to list all spells.
You don't know that spell.
Your hound bites the orc warrior.
Casting: Summon Lightning Spire (quite dangerous; 30% risk of failure)
Confirm with . or Enter, or press ? or * to list all spells.
A shadowy apparition takes form in the air.
Your hound bites the orc warrior but does no damage.
Tochtli barely misses the orc warrior.
Your quokka closely misses the orc warrior.
Casting: Call Imp (safe; 1% risk of failure)
Confirm with . or Enter, or press ? or * to list all spells.
Your quokka disappears in a puff of smoke!
Your hound misses the orc warrior.
The orc warrior hits you but does no damage.
Your shadow imp gestures at the orc warrior.
The orc warrior struggles to resist.
Tochtli hits the orc warrior but does no damage.
Your hound barely misses the orc warrior.
Your hound bites the orc warrior but does no damage.
Your quokka barely misses the orc warrior.
Your shadow imp misses the orc warrior.
Your quokka bites the orc warrior but does no damage.
The orc warrior attacks as you move away!
The orc warrior hits you with a +0 great sword!
Your quokka barely misses the orc warrior.
The wight hits Tochtli with a +0 falchion!
The orc warrior attacks as you move away!
The orc warrior hits you with a +0 great sword!!
* * * LOW HITPOINT WARNING * * *
Your hound bites the orc warrior but does no damage.
This is a scroll of acquirement!
You see here a Fen Folio.
Something appears at your feet!
Your hound bites the orc warrior.
The orc warrior hits you with a +0 great sword!!
Ouch! That really hurt!
You die...

##......... #
#....................... #...
###..<...................##....
.##............................
#..............................
#..............................
..#.........[................>.
.##...............5R.........#
.##.............@or.z......#
###...............h....#...# #
##.................###....# #
#...............### ..z.#
####.............### ...... #
..##............## ........ .
.................### #...#.....
.
.)..........###....#.....#..###
. ###.......### ##.).....# @


You could see the friendly Tochtli the ancestor, an orc warrior (ally target), a
wight, a friendly hound (summoned), a friendly shadow imp (summoned) and a
friendly quokka (summoned).

Vanquished Creatures
  An adder (D:3)
  2 orcs
  2 endoplasms (D:4)
  A giant cockroach (D:4)
  A frilled lizard (D:3)
  2 kobolds (D:4)
9 creatures vanquished.

Vanquished Creatures (collateral kills)
  Grinder (D:3)
  An ogre (D:5)
  A bullfrog (D:4)
  2 jellies (D:4)
  A hound (D:5)
  An iguana (D:4)
  Natasha (thrice) (D:3)
  An orc wizard (D:3)
  3 adders
  A worm (D:3)
  7 orcs
  A bat (D:3)
  10 endoplasms
  4 giant cockroaches
  2 goblins (D:4)
  7 hobgoblins
  7 kobolds
  3 quokkas
  2 ball pythons (D:2)
  2 frilled lizards
  3 rats (D:3)
63 creatures vanquished.

Vanquished Creatures (others)
  4 fungi (D:4)
  9 toadstools (D:4)
13 creatures vanquished.

Grand Total: 85 creatures vanquished

Notes
Turn   | Place    | Note
-------+----------+-------------------------------------------
     0 | D:1      | ChadusMaximus the Human Summoner began the quest for the
                  | Orb.
     0 | D:1      | Reached XP level 1. HP: 13/13 MP: 3/3
   271 | D:1      | You fall into a shaft and drop 1 floor!
   328 | D:2      | Reached XP level 2. HP: 19/19 MP: 1/5
   662 | D:2      | Reached XP level 3. HP: 19/24 MP: 3/6
   726 | D:2      | Learned a level 3 spell: Call Canine Familiar
   729 | D:2      | Learned a level 2 spell: Call Imp
  1264 | D:3      | Noticed Natasha
  1272 | D:3      | Killed Natasha
  1273 | D:3      | Reached XP level 4. HP: 30/30 MP: 1/8
  1362 | D:3      | Identified the +2 pair of boots "Pumeolao" {rF++ Stlth+}
  1377 | D:3      | Reached skill level 5 in Summonings
  1384 | D:3      | Noticed Grinder
  1384 | D:3      | Noticed Natasha
  1441 | D:3      | Killed Grinder
  1442 | D:3      | Reached skill level 6 in Summonings
  1442 | D:3      | Reached XP level 5. HP: 17/35 MP: 2/10
  1442 | D:3      | Reached XP level 6. HP: 20/41 MP: 2/11
  1769 | D:3      | Killed Natasha
  1802 | D:3      | Noticed Natasha
  1989 | D:2      | Learned a level 4 spell: Summon Lightning Spire
  2034 | D:3      | Killed Natasha
  2769 | D:4      | Found a hazy altar of Hepliaklqana.
  2770 | D:4      | Found a radiant altar of Vehumet.
  2771 | D:4      | Found a burning altar of Makhleb.
  2775 | D:4      | Became a worshipper of Hepliaklqana the Forgotten
  2898 | D:4      | Reached XP level 7. HP: 45/46 MP: 5/13
  2919 | D:4      | Reached skill level 7 in Summonings
  3034 | D:4      | Noticed a nameless horror
  3708 | D:5      | Entered Level 5 of the Dungeon
  3708 | D:5      | Noticed Eustachio
  3708 | D:5      | Found Qoj Zoat's Antique Weapon Shoppe.
  4123 | D:5      | Reached * piety under Hepliaklqana
  4136 | D:5      | Identified a scroll of acquirement
  4136 | D:5      | Acquired a Fen Folio
  4136 | D:5      | Demolished by an orc warrior

Illustrated notes

Levels and vault maps discovered:
D:1:      lemuel_arrival_broad_hall, layout_basic, serial_corexii_hall,
          corexii_hall_statues_i, corexii_hall_statues_x
D:2:      layout_rooms
D:3:      layout_loops_cross, uniq_natasha, uniq_grinder
D:4:      cheibrodos_fertilizer, layout_loops_ring,
          gammafunk_temple_overflow_forgotten
D:5:      layout_layer_cave, trog_hazing_becter, serial_shops,
          nicolae_shop_waterfront, sword_in_stone, uniq_menkaure

Skill      XL: |  1  2  3  4  5  6  7 |
---------------+----------------------+-----
Summonings     | 6 7 |  7.6
Spellcasting   | 3 4 |  4.5
Dodging        | |  2.1
Stealth        | |  2.1

Action                   |  1- 3 |  4- 6 |  7- 9 || total
-------------------------+-------+-------+-------++-------
Melee: War axe           |       |    26 |    26 ||    52
 Cast: Summon Small Mamm |    37 |    10 |     8 ||    55
       Call Canine Famil |     5 |     9 |    11 ||    25
       Call Imp          |     2 |     7 |     3 ||    12
       Summon Lightning  |       |     1 |     1 ||     2
  Use: Scroll            |       |       |     4 ||     4
 Stab: Sleeping          |       |     1 |     1 ||     2
Armor: Robe              |    16 |    18 |    19 ||    53
Dodge: Dodged            |    31 |    26 |    38 ||    95
